 Dungeon Crawl Stone Soup version 0.26-a0-180-ge96aa7da28 (webtiles) character file.

Game seed: 7299034492900589136

91 Flugslaktarn the Chiller (level 4, -2/21 HPs)
             Began as a Vine Stalker Ice Elementalist on July 3, 2020.
             Slain by Grinder (8 damage)
             ... while paralysed by Grinder
             ... on level 4 of the Dungeon.
             The game lasted 00:03:26 (565 turns).

Flugslaktarn the Chiller (VSIE)                      Turns: 565, Time: 00:03:27

Health: -2/21      AC:  2    Str: 11    XL:     4   Next: 57%
Magic:  0/9        EV:  2    Int: 16    God:
Gold:   36         SH:  0    Dex: 14    Spells: 5/9 levels left

rFire    . . .     SeeInvis .   f - +0 flail
rCold    . . .     Faith    .   (no shield)
rNeg     . . .     Spirit   +   a - +0 robe
rPois    .         Reflect  .   (no helmet)
rElec    .         Harm     .   (no cloak)
rCorr    .                      (no gloves)
MR       .....                  (no boots)
Stlth    ++........             (no amulet)
HPRegen  0.47/turn              (no ring)
MPRegen  0.11/turn              (no ring)

@: paralysed
A: fangs 2, regeneration 1, magic shield, antimagic bite, no potion heal 3, rot
immunity
a: no special abilities


You were on level 4 of the Dungeon.
You were not hungry.

You visited 1 branch of the dungeon, and saw 4 of its levels.

You collected 36 gold pieces.

Inventory:

Hand Weapons
 f - a +0 flail (weapon)
   (You found it on level 2 of the Dungeon)
 p - a +0 falchion
   (You found it on level 3 of the Dungeon)
Missiles
 b - 14 poisoned darts (quivered)
 d - 8 boomerangs
 e - 25 arrows
Armour
 a - a +0 robe (worn)
Scrolls
 g - a scroll of enchant weapon
 h - a scroll of teleportation {unknown}
 i - 4 scrolls of remove curse
 l - a scroll of fear
 m - a scroll of immolation {unknown}
 n - a scroll of enchant armour {unknown}
 q - 2 scrolls of amnesia {unknown}
Potions
 j - a potion of stabbing
 k - 2 potions of curing
 o - 2 potions of cancellation {unknown}
Comestibles
 c - 7 rations


   Skills:
 - Level 1.5 Dodging
 - Level 2.4 Stealth
 + Level 3.2 Spellcasting
 * Level 5.3 Ice Magic


You had 5 spell levels left.
You knew the following spells:

 Your Spells              Type           Power        Failure   Level  Hunger
a - Freeze                Ice            ###.         1%          1    None
b - Frozen Ramparts       Ice            ###...       6%          3    ###....

Your spell library contained the following spells:

 Spells                   Type           Power        Failure   Level  Hunger
 Ozocubu's Armour         Chrm/Ice       ##......     19%         3    ###....
 Hailstorm                Conj/Ice       ##......     52%         4    ####...
 Summon Ice Beast         Ice/Summ       ##......     52%         4    ####...


Dungeon Overview and Level Annotations

Branches:
Dungeon (4/15)
 Temple: D:4-7

Altars:

Annotations:
D:4 Grinder


Innate Abilities, Weirdness & Mutations

You have extremely sharp teeth.
Your natural rate of healing is unusually fast.
When hurt, damage is shared between your health and your magic reserves.
Your bite disrupts and absorbs the magic of your enemies.
Potions cannot restore your health.
You are immune to rotting.


Message History

Your Spellcasting skill increases to level 3!
Your Ice Magic skill increases to level 5!
You have reached level 4!
You feel stronger.
You begin to heal more quickly.
The frozen ramparts melt away.
An adder comes into view.
The adder hisses angrily.
Found a scroll labeled XIYHIM XASA.
Casting: Frozen Ramparts (quite dangerous; 6% risk of failure)
Confirm with . or Enter, or press ? or * to list all spells.
The spell is quite dangerous to cast (6% risk of failure)!
Continue anyway?
The walls around you are covered in ice.
The wall freezes the adder.
The adder seems to slow down.
The wall freezes the adder.
The adder seems to slow down.
Unknown command.
The wall freezes the adder!
You kill the adder!
Grinder completely resists.
The wall freezes Grinder but do no damage.
Found 9 gold pieces.
Grinder resists.
The wall freezes Grinder.
Grinder gestures at you. You resist with significant effort.
Found 2 scrolls labeled RUNAUSERUO.
The frozen ramparts melt away.
Found a leather armour.
You see here 9 gold pieces.
You now have 36 gold pieces (gained 9).
Found a robe.
Grinder says, "Mostly I couldn't keep them alive."
Grinder blinks!
Grinder gestures at you. Pain shoots through your body!
Grinder gestures at you.
You struggle to resist.
Found 8 gold pieces.
You see here 2 scrolls labeled RUNAUSERUO.
q - 2 scrolls labeled RUNAUSERUO Grinder gestures at you.
You suddenly lose the ability to move!
Grinder gestures at you.
You struggle to resist.
Grinder gestures at you. Pain shoots through your body!
* * * LOW HITPOINT WARNING * * *
Grinder hits you!
* * * LOW HITPOINT WARNING * * *
Grinder hits you!
You die...

.###.##.#
#........ #.
#.### #.[......
#?##...###.......
#............#
#..^.........#
#............#
#............#
########5....#
#@....# #.....#
#.....# #.....#
......# ..#####
.#$. ###


You could see Grinder.

Vanquished Creatures
  A scorpion (D:4)
  An adder (D:4)
  A dart slug (D:1)
  2 leopard geckos
  4 bats
  5 goblins
  2 hobgoblins
  2 jackals (D:2)
  3 kobolds
  A quokka (D:2)
  2 frilled lizards
  2 rats (D:2)
26 creatures vanquished.

Notes
Turn   | Place    | Note
-------+----------+-------------------------------------------
     0 | D:1      | Flugslaktarn the Vine Stalker Ice Elementalist began the
                  | quest for the Orb.
     0 | D:1      | Reached XP level 1. HP: 9/9 MP: 4/4
    98 | D:2      | Reached XP level 2. HP: 5/13 MP: 3/6
   302 | D:2      | Reached XP level 3. HP: 3/16 MP: 1/8
   314 | D:2      | Learned a level 3 spell: Frozen Ramparts
   520 | D:4      | Noticed a scorpion
   524 | D:4      | Noticed Grinder
   534 | D:4      | Killed a scorpion
   534 | D:4      | Reached skill level 5 in Ice Magic
   534 | D:4      | Gained mutation: Your natural rate of healing is unusually
                  | fast. [Vine Stalker growth]
   534 | D:4      | Reached XP level 4. HP: 16/21 MP: 5/9
   559 | D:4      | Paralysed by Grinder for 7 turns
   565 | D:4      | Slain by Grinder

Illustrated notes

Levels and vault maps discovered:
D:1:      dpeg_arrival_connections, layout_basic, minmay_tetromino_t4
D:2:      layout_rooms, bh_walls_and_bars
D:3:      layout_rooms, minmay_door_square
D:4:      layout_rooms, old_standard_altar, uniq_grinder, uniq_duvessa,
          uniq_ijyb, uniq_menkaure, uniq_edmund

Skill      XL: |  1  2  3 |
---------------+----------+-----
Spellcasting   | 3 |  3.2
Ice Magic      | 5 |  5.3
Dodging        | |  1.5
Stealth        | |  2.4

Action                   |  1- 3 |  4- 6 || total
-------------------------+-------+-------++-------
Melee: Unarmed           |     1 |       ||     1
       Flail             |     9 |       ||     9
       Bite              |     1 |       ||     1
 Cast: Freeze            |    29 |       ||    29
       Frozen Ramparts   |     1 |     1 ||     2
  Use: Scroll            |     5 |       ||     5
 Stab: Sleeping          |     1 |       ||     1
Armor: Robe              |     4 |       ||     4
Dodge: Dodged            |    30 |       ||    30

Table legend:
 A = Non-vault XP
 B = Vault XP
 C = Vault XP percentage of total XP
 D = Non-vault monster count
 E = Vault monster count
 F = Vault count percentage of total count
                 A         B        C        D         E       F
            +---------+---------+-------+---------+---------+-------
      Total |     130 |       0 |   0.0 |      26 |       0 |   0.0
            +---------+---------+-------+---------+---------+-------
        D:1 |      18 |       0 |   0.0 |       8 |       0 |   0.0
        D:2 |      25 |       0 |   0.0 |      14 |       0 |   0.0
        D:3 |       4 |       0 |   0.0 |       2 |       0 |   0.0
        D:4 |      83 |       0 |   0.0 |       2 |       0 |   0.0
            +---------+---------+-------+---------+---------+-------
